 Dungeon Crawl Stone Soup version 0.28-a0-773-g130ae17fe5 (webtiles) character file.

Game seed: 3729065714390924649

12581 ders the Fighter (level 11, 0/78 HPs)
             Began as a Gargoyle Fighter on Nov 2, 2021.
             Was a Believer of Yredelemnul.
             Slain by an orc warlord (24 damage)
             ... on level 11 of the Dungeon.
             The game lasted 00:37:15 (15706 turns).

ders the Fighter (Gargoyle Fighter)                Turns: 15706, Time: 00:37:15

Health: 0/78       AC: 25    Str: 23    XL:     11   Next: 95%
Magic:  16/16      EV:  8    Int: 13    God:    Yredelemnul [**....]
Gold:   720        SH:  0    Dex:  9    Spells: 10/10 levels left

rFire   . . .      SeeInvis .   B - +4 dire flail
rCold   . . .      Faith    .   (shield currently unavailable)
rNeg    + + .      Spirit   .   k - +4 chain mail "Isuofa Jyblu" {Fly Int+4}
rPois   ∞          Reflect  .   (no helmet)
rElec   +          Harm     .   (no cloak)
rCorr   .          Rampage  .   (no gloves)
Will    .....                   (no boots)
Stlth   ..........              (no amulet)
HPRegen 0.23/turn               e - +4 ring of protection
MPRegen 0.15/turn               x - ring of positive energy

@: mirroring injuries, flying
A: sickness immunity, AC +8, negative energy resistance 1, electricity
resistance, torment resistance 1, petrification resistance
a: Renounce Religion, Animate Remains, Recall Undead Slaves, Injury Mirror


You were on level 11 of the Dungeon.
You worshipped Yredelemnul.
Yredelemnul was pleased with you.
You visited 4 branches of the dungeon, and saw 15 of its levels.

You collected 795 gold pieces.
You spent 75 gold pieces at shops.

Inventory:

Hand Weapons
 B - a +4 dire flail (weapon)
 C - a +2 flail of protection
Armour
 b - a +0 scale mail
 k - the +4 chain mail "Isuofa Jyblu" (worn) {Fly Int+4}
   (You found it on level 1 of the Lair of Beasts)

   Int:       It affects your intelligence (+4).
   Fly:       It grants you flight.
Jewellery
 e - a +4 ring of protection (left hand)
 h - a ring of protection from fire
 x - a ring of positive energy (right hand)
 y - a ring of flight
 D - a ring of protection from cold
 H - a ring of wizardry
Wands
 a - a wand of digging (8)
 s - a wand of charming (8)
 F - a wand of paralysis (14)
 G - a wand of flame (28)
Scrolls
 j - 2 scrolls of fear
 m - 3 scrolls of amnesia
 o - 3 scrolls of identify
 u - 4 scrolls of teleportation
 v - a scroll of magic mapping
Potions
 g - a potion of attraction {unknown}
 i - 3 potions of flight {unknown}
 q - 3 potions of lignification
 r - 2 potions of brilliance {unknown}
 w - 2 potions of degeneration {unknown}
 z - a potion of haste {unknown}
 A - a potion of mutation {unknown}
 I - a potion of cancellation {unknown}


   Skills:
 * Level 13.5 Fighting
 * Level 12.3 Maces & Flails
 - Level 4.2 Armour
 - Level 4.2 Shields
 * Level 7.6 Invocations


You had 10 spell levels left.
You didn't know any spells.
Your spell library contained the following spells:

 Spells                   Type           Power      Damage    Failure   Level
 Freeze                   Ice            0%         1d3       93%         1
 Corpse Rot               Necr/Air       0%         N/A       98%         2
 Poisonous Vapours        Pois/Air       0%         N/A       98%         2
 Wereblood                Tmut           0%         N/A       98%         2
 Frozen Ramparts          Ice            0%         1d2       100%        3
 Ozocubu's Armour         Ice            0%         N/A       100%        3
 Portal Projectile        Hex/Tloc       0%         N/A       100%        3
 Animate Dead             Necr           0%         N/A       100%        4
 Fireball                 Conj/Fire      0%         3d3       100%        5
 Starburst                Conj/Fire      0%         6d3       100%        6
 Haunt                    Necr/Summ      0%         N/A       100%        7
 Ozocubu's Refrigeration  Ice            0%         4d5       100%        7
 Summon Hydra             Summ           0%         N/A       100%        7
 Ignition                 Fire           0%         3d3       100%        8
 Infestation              Necr           0%         N/A       100%        8
 Sublimation of Blood     Necr           Unusable   N/A       N/A         2

Dungeon Overview and Level Annotations

Branches:
Dungeon (12/15)            Temple (1/1) D:4            Lair (1/6) D:9
    Orc (1/2) D:11

Altars:
Ashenzari
Cheibriados
Dithmenos
Elyvilon
Fedhas
Gozag
Hepliaklqana
Kikubaaqudgha
Makhleb
Nemelex Xobeh
Okawaru
Qazlal
Ru
Sif Muna
Trog
Uskayaw
Vehumet
Wu Jian
Xom
Yredelemnul
Zin
The Shining One

Shops:
D:1 [   D:9 !

Annotations:
D:8 Harold
D:10 exclusion: 2 oklob plants, Snorg


Innate Abilities, Weirdness & Mutations

You are immune to sickness and miasma.
Your stone body is resilient. (AC +8)
You are immune to poison.
You resist negative energy. (rN+)
You are resistant to electric shocks. (rElec)
You are resistant to unholy torment.
You are immune to petrification.


Message History

The orc warlord hits your troll zombie with a +0 war axe!
Your troll zombie is destroyed!
The orc warlord hits your yak zombie with a +0 war axe.
The orc warlord hits your orc priest skeleton with a +0 war axe!!
Your orc priest skeleton is destroyed!
Things that are here:
a +0 whip; a +0 club The orc warlord blocks your yak zombie's attack.
The orc warlord blocks your yak zombie's attack.
Your yak zombie gores the orc warlord but does no damage.
You offer yourself to Yredelemnul, and are filled with unholy energy.
You barely miss the orc warlord.
The orc warlord is lightly wounded.
The orc warlord hits you with a +0 war axe!
Yredelemnul mirrors your injury!
The orc warlord is lightly wounded.
The orc warlord blocks your attack.
The orc warlord is lightly wounded.
You hit the orc warlord but do no damage.
The orc warlord is lightly wounded.
The orc warlord hits you with a +0 war axe!
Yredelemnul mirrors your injury!
The orc warlord is moderately wounded.
The orc warlord blocks your attack.
The orc warlord is moderately wounded.
The orc warlord hits you with a +0 war axe.
The orc warlord hits your yak zombie with a +0 war axe!
Your yak zombie is destroyed!
Yredelemnul mirrors your injury!
The orc warlord is moderately wounded.
You impale the orc warlord!!
The orc warlord is heavily wounded.
You hit the orc warlord but do no damage.
The orc warlord is heavily wounded.
The orc warlord hits you but does no damage.
You bludgeon the orc warlord!!
The orc warlord is severely wounded.
The orc warlord hits you with a +0 war axe!!
You die...
Your body rises from the dead as a mindless zombie.

..######........................[
.....................<...........
Z.....(.#....##..................
..#..........########.....####...
####......#### #.....8.....#...
#........# ##...[..)....#...
##.#....#.# ##.....))......###
........#.######..8..))>)...8[.##
#.##......[.....@o....))......[..
#Z##''##.....#####...........#..#
Z##≈..≈##.....([##.....8.....####
##§§§.§≈##.......####.....#### #
#≈≈##.#§§#...............### ####
#≈.#.#..§#............##...# #...
#≈..#.#.≈#.....<......####.###...
#≈≈#.##≈≈#...............Z.......
##≈≈§.≈≈##............##.....#...


You could see an orc warlord.

Vanquished Creatures
  A two-headed ogre (D:9)
  2 centaur zombies (D:11)
  A komodo dragon (D:11)
  2 hornets (D:9)
  4 trolls
  6 wyverns
  23 yaks
  Grum (D:8)
  A warg (D:11)
  6 water moccasins
  A floating eye (D:10)
  2 orc warriors
  A black bear (D:5)
  A sky beast (D:6)
  2 ogres (D:4)
  4 wolves
  3 centaurs
  3 kobold brigands (D:9)
  A bullfrog (Lair:1)
  2 scorpions
  4 killer bees
  10 wights
  A howler monkey (D:7)
  2 bullfrog zombies
  3 hounds
  2 jellies
  2 orc priests (D:7)
  A bullfrog skeleton (D:4)
  Jessica (D:3)
  Ijyb (D:4)
  4 iguanas
  An orc wizard (D:3)
  A killer bee zombie (D:5)
  A hound zombie (D:4)
  A howler monkey zombie (D:8)
  8 gnolls
  6 adders
  An ufetubus (D:6)
  An adder skeleton (D:4)
  17 orcs
  7 bats
  4 endoplasms
  3 giant cockroaches
  5 hobgoblins
  9 jackals
  2 quokkas
  6 ball pythons
  3 frilled lizards
  5 goblins
  10 kobolds
  8 rats
197 creatures vanquished.

Vanquished Creatures (collateral kills)
  A centaur zombie (D:10)
  A komodo dragon (Lair:1)
  A troll (D:11)
  2 yaks
  A basilisk (D:8)
  A water moccasin (D:9)
  2 orc warriors (D:11)
  2 black bears (D:8)
  A howler monkey (D:10)
  An orc priest (D:11)
  An orc wizard (D:11)
  9 orcs (D:11)
  2 kobolds (D:9)
25 creatures vanquished.

Vanquished Creatures (others)
  A hornet zombie (D:9)
  2 wolf zombies (D:9)
  2 komodo dragon zombies
  2 water moccasin zombies (D:9)
  2 yak skeletons (D:8)
  A centaur zombie (D:11)
  2 kobold zombies (D:9)
  2 orc skeletons (D:11)
  5 orc zombies (D:11)
  A troll zombie (D:11)
  10 yak zombies
  3 fungi
  14 plants
47 creatures vanquished.

Grand Total: 269 creatures vanquished

Notes
Turn   | Place    | Note
-------+----------+-------------------------------------------
     0 | D:1      | ders the Gargoyle Fighter began the quest for the Orb.
     0 | D:1      | Reached XP level 1. HP: 14/14 MP: 1/1
   229 | D:1      | Reached XP level 2. HP: 19/19 MP: 2/2
   533 | D:1      | Found a faded altar of an unknown god.
   540 | D:1      | Found Boeniuv's Antique Armour Shoppe.
  1154 | D:2      | Reached XP level 3. HP: 23/23 MP: 3/3
  1824 | D:3      | Reached XP level 4. HP: 15/29 MP: 4/4
  2017 | D:3      | Reached skill level 4 in Fighting
  2186 | D:3      | Reached XP level 5. HP: 23/33 MP: 5/5
  2601 | D:3      | Found a hazy altar of Hepliaklqana.
  2741 | D:3      | Noticed Jessica
  2751 | D:3      | Killed Jessica
  2828 | D:4      | Noticed Ijyb
  2838 | D:4      | Killed Ijyb
  3042 | D:4      | Found a snail-covered altar of Cheibriados.
  3244 | D:4      | Found a stormy altar of Qazlal.
  3254 | D:4      | Reached XP level 6. HP: 40/40 MP: 6/6
  3272 | D:4      | Reached skill level 5 in Fighting
  3655 | D:4      | Reached XP level 7. HP: 45/45 MP: 7/7
  3880 | D:4      | Found a staircase to the Ecumenical Temple.
  3886 | Temple   | Entered the Ecumenical Temple
  3949 | Temple   | Became a worshipper of Yredelemnul the Dark
  4060 | D:5      | Entered Level 5 of the Dungeon
  4068 | D:5      | Reached skill level 6 in Fighting
  4100 | D:5      | Reached skill level 5 in Maces & Flails
  4352 | D:5      | Noticed a wyvern
  4384 | D:3      | Killed a wyvern
  4724 | D:5      | Reached skill level 7 in Fighting
  4989 | D:6      | Reached XP level 8. HP: 46/53 MP: 8/8
  5737 | D:6      | Reached skill level 8 in Fighting
  6427 | D:7      | Reached XP level 9. HP: 45/60 MP: 9/9
  6696 | D:7      | Found a sacrificial altar of Ru.
  6697 | D:7      | Found an ancient bone altar of Kikubaaqudgha.
  6734 | D:7      | Reached skill level 9 in Fighting
  7276 | D:8      | Noticed a troll
  7307 | D:6      | Killed a troll
  7811 | D:8      | Reached * piety under Yredelemnul
  8078 | D:8      | Noticed Grum
  8120 | D:7      | Reached skill level 10 in Fighting
  8542 | D:8      | Noticed Harold
  8813 | D:9      | Noticed a troll
  8851 | D:8      | Killed Grum
  8947 | D:9      | Found Buavod's Distillery.
  8952 | D:9      | Bought a potion of berserk rage for 75 gold pieces
  9056 | D:9      | Killed a troll
  9187 | D:8      | Reached XP level 10. HP: 55/68 MP: 10/10
  9264 | D:8      | Reached skill level 11 in Fighting
  9288 | D:8      | Reached skill level 10 in Maces & Flails
  9480 | D:8      | Reached skill level 1 in Invocations
  9772 | D:9      | Found a shimmering blue altar of Sif Muna.
 10121 | D:10     | Entered Level 10 of the Dungeon
 10121 | D:10     | Noticed a two-headed ogre
 10510 | D:9      | Identified the +2 pair of gloves of Muistuda {rElec Slay+3}
 10525 | D:9      | Got the Compendium of the Spatial Snowflakes
 10537 | D:9      | Reached skill level 12 in Fighting
 10577 | D:9      | Found a staircase to the Lair.
 11366 | D:9      | Killed a two-headed ogre
 11367 | D:9      | Reached skill level 5 in Invocations
 11367 | D:9      | Reached XP level 11. HP: 57/76 MP: 14/14
 11500 | D:10     | Found a white marble altar of Elyvilon.
 11528 | D:10     | Noticed an oklob plant
 11530 | D:10     | Paralysed by a floating eye for 4 turns
 11703 | D:10     | Paralysed by a floating eye for 2 turns
 11876 | D:10     | Found a blossoming altar of Fedhas.
 12251 | D:10     | Noticed an oklob plant
 12437 | D:10     | Noticed Snorg
 12875 | D:11     | You fall into a shaft and drop 1 floor!
 12909 | D:12     | Noticed a seven-headed hydra
 13491 | D:11     | Found a staircase to the Orcish Mines.
 13674 | D:11     | Reached skill level 13 in Fighting
 14095 | Lair:1   | Entered Level 1 of the Lair of Beasts
 14255 | Lair:1   | Identified the +4 chain mail "Isuofa Jyblu" {Fly Int+4}
 14468 | Lair:1   | Noticed a seven-headed hydra
 14618 | Orc:1    | Entered Level 1 of the Orcish Mines
 14618 | Orc:1    | Noticed an orc warlord
 14901 | D:11     | Reached ** piety under Yredelemnul
 15706 | D:11     | Slain by an orc warlord

Illustrated notes

Levels and vault maps discovered:
D:1:      scummos_arrival_simple_crosswalls, layout_loops_cross, serial_shops,
          shop, basic_ecumenical_altar
D:2:      layout_rooms, roderic_cross_of_infinity, kennysheep_pointless_box
D:3:      layout_rooms, nzn_hepliaklqana_mist_gate, serial_glass,
          glass_columns_a, glass_columns_a, kennysheep_jessica_study
D:4:      layout_gridville, cheibriados_altar_1, kennysheep_little_box,
          minmay_temple_entry_enclosed_plants, uniq_ijyb
D:5:      layout_rooms
D:6:      layout_cave_pods
D:7:      layout_loops_ring, mainiacjoe_overflow_divided_tiny
D:8:      layout_basic, grunt_decor_arrowhead, uniq_harold, uniq_grum
D:9:      layout_loops_corners, led_sif_book, minmay_lair_entry_grove,
          serial_shops, shop, minivault_1
D:10:     layout_gridville, mainiacjoe_overflow_surrounded_room, fedhas_altar_1,
          disabler_island, uniq_snorg
D:11:     layout_rooms, david_orc_2, kennysheep_generic_room_3
D:12:     layout_gridville, gammafunk_ghost_split, centaur_isle, uniq_rupert
Temple:   eino_temple_water
Lair:1:   layout_layer_cave, beast_lair_carwin_2, grunt_megastairs_5,
          uniq_fannar, uniq_erica
Orc:1:    layout_caves

Skill      XL: |  1  2  3  4  5  6  7  8  9 10 11 |
---------------+----------------------------------+-----
Armour         | 4 |  4.2
Fighting       | 4 5 7 8 10 12 13 | 13.5
Shields        | 4 |  4.2
Maces & Flails | 3 4 6 7 9 11 12 | 12.3
Invocations    | 5 7 |  7.6

Action                   |  1- 3 |  4- 6 |  7- 9 | 10-12 || total
-------------------------+-------+-------+-------+-------++-------
Melee: Flail             |   118 |    54 |   162 |   165 ||   499
       Whip              |       |    59 |   232 |       ||   291
       Club              |       |       |    48 |       ||    48
       Dire flail        |       |       |       |   212 ||   212
Invok: Animate Remains   |       |       |       |    35 ||    35
       Injury Mirror     |       |       |       |     1 ||     1
       Recall Undead Sla |       |       |       |     1 ||     1
  Use: Potion            |     4 |     3 |     5 |     7 ||    19
       Scroll            |       |       |    11 |    11 ||    22
 Stab: Sleeping          |     1 |       |       |       ||     1
       Distracted        |       |       |     1 |     1 ||     2
       Invisible         |       |       |     2 |     1 ||     3
Armor: Scale mail        |    80 |    52 |   220 |   226 ||   578
       Skin              |       |       |     5 |       ||     5
       Chain mail        |       |       |       |    58 ||    58
Dodge: Dodged            |    73 |    61 |   199 |   177 ||   510
Block: Buckler           |    30 |    23 |    95 |    53 ||   201

Table legend: (Time is in decaauts)
 A = Elapsed time spent in this place.
 B = Non-inter-level travel time spent in this place.
 C = Inter-level travel time spent in this place.
 D = Time resting spent in this place.
 E = Time spent auto-exploring this place.
 F = Levels seen in this place.
 G = Mean time per level.
                   A        B        C        D        E       F      G
               +--------+--------+--------+--------+--------+-----+--------+
         Total |  15657 |  14804 |    853 |   6706 |   5321 |  15 | 1043.8 |
       Dungeon |  15163 |  14332 |    831 |   6504 |   5191 |  12 | 1263.6 |
        Temple |     80 |     59 |     21 |      0 |     47 |   1 |   80.0 |
          Lair |    393 |    392 |      1 |    202 |     83 |   1 |  393.0 |
  Orcish Mines |     19 |     19 |      0 |      0 |      0 |   1 |   19.0 |
               +--------+--------+--------+--------+--------+-----+--------+

Top non-repeatable levels by time:
    D:11: 2259 daAuts
     D:9: 1888 daAuts
     D:8: 1669 daAuts
     D:7: 1575 daAuts
     D:6: 1479 daAuts
    D:10: 1375 daAuts
     D:3: 1223 daAuts
     D:4: 1152 daAuts
     D:2: 1026 daAuts
     D:1: 890 daAuts
     D:5: 590 daAuts
  Lair:1: 393 daAuts
  Temple: 80 daAuts
    D:12: 34 daAuts
   Orc:1: 19 daAuts
